Map: Data-C

Players

A.I. 2 (Very Easy) - Winner!

  • Race: Terran Terran
  • Spawn Location: 3:00

Keener

  • Race: Zerg Zerg
  • League: Master
  • Spawn Location: 9:00

VOD

Have the link to the VOD?

Description

HuShang example ling bane against Terran

Time

  • Played on: Aug. 16, 2022, 5:43 p.m.
  • Length: 6:37
Show
View Real Time Build Order
Export as new Build Order

A.I. 2 (Very Easy) Terran - Winner!

Build Orders: Reaper Expand 

Get SALT Encoding   

  12  0:00  SCV  
  13  0:13  SCV  
  14  0:18  Supply Depot  
  14  0:42  Barracks  
  14  1:03  Command Center  
  14  1:31  Supply Depot, Orbital Command  
  14  1:32  Marine  
  15  1:38  Refinery  
  15  1:50  Refinery  
  15  1:57  SCV  
  16  2:09  SCV  
  16  2:15  SCV  
  18  2:18  Reaper  
  18  2:22  SCV  
  20  2:29  SCV  
  21  2:36  SCV  
  22  2:43  SCV  
  23  2:50  Refinery  
  23  2:51  SCV  
  24  2:58  SCV  
  25  2:59  Marine  
  25  3:05  SCV  
  27  3:12  SCV  
  28  3:15  Factory  
  28  3:39  Refinery, SCV  
  28  3:41  Marine  
  30  3:46  SCV  
  31  3:53  SCV  
  32  3:56  Supply Depot  
  32  4:01  SCV  
  33  4:03  Starport  
  33  4:08  SCV  
  34  4:15  SCV  
  35  4:22  SCV  
  35  4:23  Reaper  
  37  4:29  SCV  
  38  4:37  SCV  
  39  4:41  Starport Tech Lab, Supply Depot  
  39  4:44  SCV  
  40  4:51  SCV  
  41  4:56  Barracks Tech Lab  
  41  4:58  SCV  
  42  5:02  Raven  
  42  5:05  SCV  
  45  5:13  SCV  
  46  5:14  Marine  
  46  5:20  SCV  
  48  5:45  Raven  
  50  5:55  Marine  
  51  6:13  SCV  
Show
View Real Time Build Order
Export as new Build Order

Keener Zerg 

Build Orders: Hatch First 

Get SALT Encoding   

  12  0:00  Drone  
  13  0:12  Overlord  
  13  0:21  Drone  
  14  0:33  Drone x2  
  16  0:49  Hatchery  
  15  0:53  Drone  
  17  0:57  Drone  
  17  0:59  Drone  
  18  1:11  Extractor  
  18  1:15  Spawning Pool  
  18  1:18  Drone  
  17  1:21  Drone  
  18  1:28  Drone  
  19  1:39  Drone  
  20  2:03  Queen x2  
  20  2:04  Zergling x6  
  27  2:17  Hatchery  
  27  2:22  Overlord  
  26  2:27  Drone  
  26  2:28  Drone  
  28  2:33  Metabolic Boost  
  28  2:43  Drone x3  
  32  2:44  Drone  
  32  2:51  Queen  
  32  2:56  Overlord  
  34  3:00  Drone  
  34  3:01  Drone  
  36  3:05  Overlord  
  36  3:16  Drone x5  
  41  3:31  Drone x3  
  44  3:39  Queen x3  
  50  3:51  Overlord x3  
  50  3:57  Zergling x8  
  54  4:14  Drone x11  
  54  4:15  Drone  
  66  4:30  Baneling Nest  
  65  4:33  Spore Crawler x2  
  65  4:35  Spore Crawler  
  62  4:39  Drone  
  62  4:40  Drone  
  64  4:49  Lair  
  64  4:53  Drone x10  
  64  4:55  Extractor  
  64  4:58  Overlord x3  
  73  5:00  Extractor x2  
  73  5:06  Overlord  
  73  5:07  Overlord x2  
  71  5:18  Evolution Chamber  
  71  5:19  Evolution Chamber, Drone x3  
  71  5:20  Drone x2  
  74  5:34  Drone x2, Hatchery  
  74  5:35  Drone x4  
  79  6:00  Drone x12  
  91  6:04  Drone x3  
  94  6:17  Hatchery  
  93  6:20  Overseer x2  
Tags
 
Add a new tag
Caveats
  • Supply blocks, unpowered buildings, or Contaminate may cause inaccurate times.
  • Supply counts are checked every 10 seconds.